 Dungeon Crawl Stone Soup version 0.27-a0-984-g00e00afbbc (webtiles) character file.

Game seed: 17432847105709702496

1573 MirrMurr the Covert (level 8, 0/40 HPs)
             Began as a Spriggan Enchanter on Apr 15, 2021.
             Was an Elder of Jiyva.
             Slain by a shadow (14 damage)
             ... on level 6 of the Dungeon.
             The game lasted 00:12:35 (7774 turns).

MirrMurr the Covert (Spriggan Enchanter)            Turns: 7774, Time: 00:12:36

Health: 0/40       AC:  2    Str:  8    XL:     8   Next: 59%
Magic:  9/15       EV: 20    Int: 14    God:    Jiyva [****..]
Gold:   173        SH:  0    Dex: 16    Spells: 7/15 levels left

rFire    . . .     SeeInvis +   a - +3 dagger (venom)
rCold    . . .     Faith    .   (shield restricted)
rNeg     . . .     Spirit   .   b - +0 robe
rPois    +         Reflect  .   c - +1 hat
rElec    .         Harm     .   (no cloak)
rCorr    +         Rampage  .   (gloves unavailable)
Will     +....                  (boots unavailable)
Stlth    ++++......             (no amulet)
HPRegen  0.13/turn              d - ring of poison resistance
MPRegen  0.14/turn              (no ring)

@: confusing by touch, very quick
A: very small, no large weapons, unfitting armour, see invisible, speed 3,
screaming 1, pseudopods 1
a: Renounce Religion, Request Jelly, Slimify


You were on level 6 of the Dungeon.
You worshipped Jiyva.
Jiyva was greatly pleased with you.
You visited 1 branch of the dungeon, and saw 8 of its levels.

You collected 173 gold pieces.

Inventory:

Hand Weapons
 a - a +3 dagger of venom (weapon)
 o - a +0 hunting sling
Missiles
 e - 90 stones (quivered)
Armour
 b - a +0 robe (worn)
 c - a +1 hat (worn)
Jewellery
 d - a ring of poison resistance (left hand)
Wands
 m - a wand of paralysis (6)
 q - a wand of iceblast (12)
Scrolls
 f - a scroll of acquirement {unknown}
 n - a scroll of fear
Potions
 j - a potion of curing
 l - a potion of attraction {unknown}


   Skills:
 + Level 3.3 Fighting
 - Level 5.0 Short Blades
 + Level 6.2 Dodging
 - Level 8.0 Stealth
 - Level 4.0 Spellcasting
 - Level 8.0 Hexes


You had 7 spell levels left.
You knew the following spells:

 Your Spells              Type           Power      Damage    Failure   Level
a - Ensorcelled Hibernat  Hex/Ice        28%        N/A       5%          2
b - Confusing Touch       Hex            25%        N/A       2%          3
c - Tukima's Dance        Hex            25%        N/A       2%          3

Your spell library contained the following spells:

 Spells                   Type           Power      Damage    Failure   Level
 Corona                   Hex            27%        N/A       1%          1
 Dazzling Flash           Conj/Hex       28%        N/A       11%         3


Dungeon Overview and Level Annotations

Branches:
Dungeon (8/15)             Temple (0/1) D:4
   Lair: D:8-11

Altars:
Hepliaklqana
Okawaru
Uskayaw
Vehumet
Jiyva

Shops:
D:3 !

Annotations:
D:6 2 transporters, Democracy123's ghost, novice MiBe


Innate Abilities, Weirdness & Mutations

You are very small and have problems with some larger weapons.
You are too small for most types of armour.
You have supernaturally acute eyesight. (SInv)
You cover ground extremely quickly. (Speed+++)
You occasionally shout uncontrollably at your foes.
Armour fits poorly on your pseudopods.


Message History

A gnoll comes into view. It is wielding a +2 flail of venom.
Found a scroll of teleportation.
There is a stone staircase leading up here. 2 gnolls and a gnoll shaman come into view.
The gnoll shaman shouts!
A bullfrog comes into view.
The gnoll shouts!
You hit the gnoll.
The gnoll is poisoned.
The gnoll is lightly wounded.
The gnoll shaman calls upon its god to heal the gnoll.
Jiyva's power touches on your attributes.
You feel stronger.
You feel clumsy.
You hit the gnoll.
The gnoll looks as sick as possible!
The gnoll is moderately wounded.
A centaur skeleton comes into view.
The gnoll sergeant closely misses you. The gnoll completely misses you.
A gnoll comes into view. It is wielding a +0 flail.
There is a stone staircase leading up here.
The gnoll completely misses you. The gnoll sergeant closely misses you.
The gnoll shaman calls upon its god to speed up the gnoll.
The gnoll seems to speed up.
The gnoll misses you. The shadow hits you!
The gnoll sergeant hits you from afar with a +2 trident of venom!
You hear a distant slurping noise.
You climb upwards.
Level annotation: 2 transporters, Democracy123's ghost, novice MiBe
There is a stone staircase leading down here.
There are no items here.
There are no items here.
Casting: Confusing Touch (dangerous; 2% risk of failure)
Confirm with . or Enter, or press ? or * to list all spells.
Your hands begin to glow red.
The shadow hits you.
Casting: Confusing Touch (dangerous; 2% risk of failure)
Confirm with . or Enter, or press ? or * to list all spells.
Your hands begin to glow brighter.
You hit the shadow but do no damage.
The shadow slips into darkness.
The shadow flickers and vanishes for a moment.
You hit the shadow but do no damage. The shadow hits you!
You die...

#..# # ##.## # ####### ##.## ##
#### #.....##### ##..########.
##..## ##........###............
.....## #................#.....#
...J..# #...............#.......
......# ##.............##.......
......# ##....@W>..##.#........
......# ###.......###.#........
......# ###.........###.#........
......###.....#....###....J......
......##....####...# #...........
#..###...#### ##### #.#.........
####...### #....J...... ##...###
#..J........ ...###
######.##J.......


You could see a shadow (invisible).

Vanquished Creatures
  3 yaks (D:8)
  Menkaure (D:6)
  A water moccasin (D:6)
  An ice beast (D:6)
  A necrophage (D:6)
  A sky beast (D:5)
  An ogre (D:5)
  A centaur (D:5)
  3 scorpions (D:6)
  A hound (D:6)
  2 iguanas
  An orc wizard (D:5)
  11 adders
  2 worms
  4 dart slugs
  13 orcs
  7 ball pythons
  An endoplasm (D:1)
  2 giant cockroaches
  4 goblins
  3 hobgoblins
  12 jackals
  4 quokkas
  A bat (D:2)
  2 frilled lizards
  12 kobolds
  23 rats
118 creatures vanquished.

Vanquished Creatures (others)
  A sky beast (D:5)
  A black bear (D:4)
  3 ogres (D:5)
  A kobold brigand (D:6)
  3 jellies (D:5)
  A bullfrog skeleton (D:6)
  An orc priest (D:6)
  2 orc wizards
  A gnoll (D:5)
  2 adders
  A shadow imp (D:6)
  A dart slug (D:2)
  12 orcs
  A goblin (D:4)
  2 hobgoblins
  6 jackals
  4 kobolds
  2 quokkas
  3 ball pythons
  3 bats
  A rat (D:3)
  11 plants (D:4)
63 creatures vanquished.

Grand Total: 181 creatures vanquished

Notes
Turn   | Place    | Note
-------+----------+-------------------------------------------
     0 | D:1      | MirrMurr the Spriggan Enchanter began the quest for the
                  | Orb.
     0 | D:1      | Reached XP level 1. HP: 9/9 MP: 5/5
   106 | D:1      | Reached skill level 5 in Stealth
   106 | D:1      | Reached XP level 2. HP: 6/13 MP: 6/6
   109 | D:1      | Learned a level 2 spell: Ensorcelled Hibernation
  1472 | D:2      | Reached XP level 3. HP: 16/16 MP: 8/8
  1480 | D:2      | Learned a level 3 spell: Confusing Touch
  1551 | D:2      | Found a faded altar of an unknown god.
  1586 | D:2      | Became a worshipper of Jiyva Juomonip the Shapeless
  1586 | D:2      | Reached * piety under Jiyva
  1834 | D:2      | Reached XP level 4. HP: 15/21 MP: 6/9
  2729 | D:3      | Found an iron altar of Okawaru.
  3043 | D:3      | Found a radiant altar of Vehumet.
  3044 | D:3      | Found a hazy altar of Hepliaklqana.
  3373 | D:3      | Reached XP level 5. HP: 22/24 MP: 10/10
  3645 | D:3      | Found Suod's Distillery.
  4316 | D:4      | Reached ** piety under Jiyva
  4450 | D:4      | Killed a black bear
  4642 | D:4      | Found a staircase to the Ecumenical Temple.
  5059 | D:5      | Entered Level 5 of the Dungeon
  5098 | D:5      | Noticed a water moccasin
  5322 | D:5      | Killed an ogre
  5385 | D:5      | Killed a sky beast
  5566 | D:5      | Noticed an ogre
  5570 | D:5      | Killed an ogre
  5571 | D:5      | Reached skill level 5 in Short Blades
  5571 | D:5      | Reached XP level 6. HP: 28/28 MP: 11/11
  5575 | D:5      | Learned a level 3 spell: Tukima's Dance
  5698 | D:5      | Reached *** piety under Jiyva
  5734 | D:5      | Noticed a sky beast
  5743 | D:5      | Killed a sky beast
  5744 | D:5      | Reached skill level 5 in Hexes
  6198 | D:6      | Reached XP level 7. HP: 32/32 MP: 10/13
  6302 | D:6      | Gained mutation: You occasionally shout uncontrollably at
                  | your foes. [Jiyva's grace]
  6353 | D:6      | Found a transporter.
  6354 | D:6      | Noticed Democracy123's ghost (novice MiBe)
  6361 | D:6      | Found a transporter.
  6365 | D:6      | Identified the +7 dire flail of the Sky {venom, Dex+4}
  6538 | D:6      | Found a hide-covered altar of Uskayaw.
  6551 | D:6      | Noticed Menkaure
  6557 | D:6      | Killed Menkaure
  6662 | D:6      | Reached **** piety under Jiyva
  6729 | D:6      | Reached skill level 1 in Fighting
  6729 | D:6      | Reached XP level 8. HP: 23/37 MP: 15/15
  7023 | D:6      | You fall into a shaft and drop 2 floors!
  7064 | D:8      | Reached skill level 5 in Dodging
  7127 | D:8      | Gained mutation: Armour fits poorly on your pseudopods.
                  | [Jiyva's grace]
  7774 | D:6      | Slain by a shadow

Illustrated notes

Levels and vault maps discovered:
D:1:      minmay_arrival_radiant_lines, layout_loops_ring
D:2:      layout_loops_ring, ebering_ecumenical_altar_ruins
D:3:      layout_rooms, lemuel_crystal_altar, jmf_multi_god_temple,
          serial_shops, shop, minmay_rat_hole
D:4:      layout_gridville, minmay_temple_entry_enclosed_plants,
          minmay_misc_feat_ornament
D:5:      wad_crossroads, layout_basic, patterned_corridor
D:6:      layout_cave_pods, kennysheep_mini, gammafunk_ghost_smash,
          cheibrodos_sewer_entry_sluice, uniq_menkaure
D:7:      layout_cave_pools, ashenzari_altar_1, serial_shops, shop
D:8:      layout_loops_ring, minmay_gold_behind_fungi, nicolae_two_hexagons,
          grunt_decor_fettered

Skill      XL: |  1  2  3  4  5  6  7  8 |
---------------+-------------------------+-----
Stealth        | 5 6 7 8 |  8.0
Short Blades   | 2 3 5 |  5.0
Spellcasting   | 3 4 |  4.0
Hexes          | 5 8 |  8.0
Dodging        | 3 6 |  6.2
Fighting       | 1 3 |  3.3

Action                   |  1- 3 |  4- 6 |  7- 9 || total
-------------------------+-------+-------+-------++-------
Melee: Dagger            |   121 |   188 |    64 ||   373
       Pseudopods        |       |       |     3 ||     3
Throw: Stone             |     1 |       |       ||     1
 Cast: Ensorcelled Hiber |    16 |    33 |    10 ||    59
       Confusing Touch   |       |     1 |     5 ||     6
  Use: Scroll            |       |       |     8 ||     8
 Stab: Sleeping          |    15 |    29 |    10 ||    54
       Confused          |       |       |     3 ||     3
Armor: Robe              |    16 |    16 |     2 ||    34
Dodge: Dodged            |   100 |   162 |    33 ||   295

Table legend: (Time is in decaauts)
 A = Elapsed time spent in this place.
 B = Non-inter-level travel time spent in this place.
 C = Inter-level travel time spent in this place.
 D = Time resting spent in this place.
 E = Time spent auto-exploring this place.
 F = Levels seen in this place.
 G = Mean time per level.
                   A        B        C        D        E       F      G
               +--------+--------+--------+--------+--------+-----+--------+
         Total |   5947 |   5649 |    298 |    293 |   4484 |   8 |  743.4 |
       Dungeon |   5947 |   5649 |    298 |    293 |   4484 |   8 |  743.4 |
               +--------+--------+--------+--------+--------+-----+--------+

Top non-repeatable levels by time:
     D:1: 1190 daAuts
     D:2: 1167 daAuts
     D:6: 1012 daAuts
     D:5: 824 daAuts
     D:4: 800 daAuts
     D:3: 768 daAuts
     D:8: 169 daAuts
     D:7: 14 daAuts
